 Dungeon Crawl Stone Soup version 0.21.0-30-g47ce8e4 (webtiles) character file.

51 tidbits the Insei (level 3, -1/35 HPs)
             Began as a Gnoll Monk on Jan 28, 2018.
             Slain by an orc wizard
             ... wielding a +2 dagger of venom
              (4 damage)
             ... on level 3 of the Dungeon.
             The game lasted 00:04:42 (578 turns).

tidbits the Insei (Gnoll Monk)                       Turns: 578, Time: 00:04:43

Health: -1/35      AC:  2    Str: 13    XL:     3   Next: 81%
Magic:  4/4        EV: 18    Int: 18    God:
Gold:   63         SH:  0    Dex: 17    Spells: 3/3 levels left

rFire    . . .     SeeInvis .     - Unarmed
rCold    . . .     Gourm    .   (no shield)
rNeg     . . .     Faith    .   a - +0 robe
rPois    .         Spirit   .   (no helmet)
rElec    .         Reflect  .   (no cloak)
rCorr    .         Harm     .   (no gloves)
MR       .....                  (no boots)
Stlth    +++.......             (no amulet)
HPRegen  0.11/turn              V - +2 ring of evasion
MPRegen  0.09/turn              (no ring)

@: brilliant, lethally poisoned (-1 -> -10), very slightly contaminated,
invisible
A: distributed training, fangs 1, strong nose
a: no special abilities


You were on level 3 of the Dungeon.
You were not hungry.

You visited 1 branch of the dungeon, and saw 4 of its levels.

You collected 63 gold pieces.

Inventory:

Hand Weapons
 f - a +0 dagger
Missiles
 e - 20 stones (quivered)
Armour
 a - a +0 robe (worn)
 j - a +0 scale mail
 p - a -2 ring mail
Jewellery
 o - an uncursed ring of fire
   (You found it on level 3 of the Dungeon)
 V - a +2 ring of evasion (left hand)
   (You found it on level 1 of the Dungeon)
Scrolls
 c - a scroll of teleportation {unknown}
 d - a scroll of enchant armour {unknown}
 g - a scroll of noise {unknown}
 k - a scroll of fog
Comestibles
 b - 2 rations


   Skills:
 + Level 6.5 Fighting
 + Level 0.9 Short Blades
 + Level 0.9 Long Blades
 + Level 0.9 Axes
 + Level 0.9 Maces & Flails
 + Level 0.9 Polearms
 + Level 0.9 Staves
 + Level 0.9 Slings
 + Level 0.9 Bows
 + Level 0.9 Crossbows
 + Level 0.9 Throwing
 + Level 0.9 Armour
 + Level 6.5 Dodging
 + Level 4.2 Stealth
 + Level 0.9 Shields
 + Level 6.5 Unarmed Combat
 + Level 0.9 Spellcasting
 + Level 0.6 Conjurations
 + Level 0.6 Hexes
 + Level 0.6 Charms
 + Level 0.6 Summonings
 + Level 0.6 Necromancy
 + Level 0.6 Translocations
 + Level 0.6 Transmutations
 + Level 0.6 Fire Magic
 + Level 0.6 Ice Magic
 + Level 0.6 Air Magic
 + Level 0.6 Earth Magic
 + Level 0.6 Poison Magic
 + Level 1.0 Invocations
 + Level 0.9 Evocations


You had 3 spell levels left.
You didn't know any spells.

Dungeon Overview and Level Annotations

Branches:
Dungeon (4/15)
 Temple: D:4-7

Altars:
Hepliaklqana
Uskayaw


Innate Abilities, Weirdness & Mutations

Your experience applies equally to all skills.
You have very sharp teeth.
Your uncanny sense of smell can sniff out nearby items.


Message History

You see here a small peridot ring.
o - a small peridot ring Put on which piece of jewellery? (? for menu, Esc to quit)
You feel more attuned to fire.
o - a ring of fire (right hand) Remove which piece of jewellery? (? for menu, Esc to quit)
You remove your ring of fire.
Found a stone staircase leading down.
There is a stone staircase leading down here.
You climb downwards.
Found 12 bolts.
There is a stone staircase leading up here.
Unknown command.
You climb upwards.
There is a stone staircase leading down here.
Unknown command.
A rat comes into view.
You closely miss the rat. The rat bites you.
* * * LOW HITPOINT WARNING * * *
You hit the rat.
You kill the rat!
Found a glowing ring mail.
You see here a glowing ring mail.
p - a glowing ring mail Wear which item? (? for menu, Esc to quit)
You start removing your armour.
You continue taking off your +0 robe. x4
You finish taking off your +0 robe.
You start putting on your armour.
You continue putting on your glowing ring mail. x5
You finish putting on your cursed -2 ring mail.
Oops, that feels deathly cold.
Adjust (i)tems, (s)pells, or (a)bilities?
Adjust which item? (? for menu, Esc to quit)
Okay, then.
As you read the scroll labeled WOKUTSOSTO, it crumbles to dust.
It is a scroll of identify.
k - a scroll of fog
As you read the scroll of identify, it crumbles to dust.
h - a scroll of remove curse
Okay, then.
Unknown command.
As you read the scroll of remove curse, it crumbles to dust.
You feel as if something is helping you.
Wear which item? (? for menu, Esc to quit)
You start removing your armour.
You continue taking off your -2 ring mail. x4
You finish taking off your -2 ring mail.
You start putting on your armour.
You continue putting on your +0 robe. x5
You finish putting on your +0 robe.
A jackal comes into view.
A jackal, 2 orcs and an orc wizard come into view.
The orc wizard is wielding a dagger of venom.
Found 6 gold pieces.
Throwing (i - inventory. (,) - cycle):
n - 2 javelins (quivered)
Press: ? - help, Shift-Dir - straight line, f - orc wizard
Aim: an orc wizard, wielding a dagger of venom and wearing a robe (resting)
You throw a javelin. The javelin closely misses the jackal.
The javelin hits the orc wizard but does no damage.
The orc wizard shouts!
The orc wizard mumbles some strange words.
The orc wizard seems to speed up.
A jackal comes into view.
The jackal moves out of view.
Throwing (i - inventory. (,) - cycle):
n - a javelin (quivered)
Press: ? - help, Shift-Dir - straight line, f/p - orc wizard
Aim: an orc wizard, wielding a dagger of venom and wearing a robe (fast)
You throw a javelin. The orc shouts!
The javelin hits the jackal but does no damage.
The jackal closely misses you. The jackal bites you.
The jackal barks!
You punch the jackal!
You kill the jackal!
You hear a bark!
The orc throws a tomahawk.
The tomahawk misses you.
The orc throws a tomahawk.
The tomahawk barely misses you. The orc wizard barely misses you.
It was a potion of invisibility.
You fade into invisibility!
The orc wizard points at you and mumbles some strange words.
The puff of frost hits you!
* * * LOW HITPOINT WARNING * * *
You are very lightly contaminated with residual magic.
You hit the orc wizard.
The orc wizard is heavily wounded.
The orc wizard closely misses you.
The orc wizard hits you with a dagger of venom.
* * * LOW HITPOINT WARNING * * *
You hit the orc wizard but do no damage.
You punch the orc wizard!
The orc wizard is almost dead.
The orc wizard hits you with a dagger of venom!
* * * LOW HITPOINT WARNING * * *
You are lethally poisoned!
It was a potion of brilliance.
You feel clever all of a sudden.
* * * LOW HITPOINT WARNING * * *
You feel sick.
The orc wizard hits you with a dagger of venom.
You die...

#..........#..
#.##..####.#.# .# #. #..#
#.#.# .# #. #..# #.#.# .#
#. #..####.#.##.# #.
#..##......#.# ######.
#..##.#.#..#.#
......h##..##.#.#..#.####
(....oho@(.##...#........
h....o####.#######.#†####
..............>....#.#
..$. ####...####.##.# ...
..####...#.....#.. ..
.........#.##..### #
####.####..# ....
...........# #..#.
#.....###.###.#.##.#


You could see an orc wizard, 2 orcs and 2 jackals.

Vanquished Creatures
  An adder (D:2)
  2 worms (D:2)
  A leopard gecko (D:1)
  3 giant cockroaches (D:2)
  6 goblins
  6 hobgoblins
  A jackal (D:3)
  A quokka (D:2)
  3 bats (D:1)
  2 frilled lizards
  3 kobolds
  6 rats
35 creatures vanquished.

Notes
Turn   | Place    | Note
-------+----------+-------------------------------------------
     0 | D:1      | tidbits the Gnoll Monk began the quest for the Orb.
     0 | D:1      | Reached XP level 1. HP: 23/23 MP: 1/1
    42 | D:1      | Reached XP level 2. HP: 22/29 MP: 2/2
   260 | D:2      | Found a hazy altar of Hepliaklqana.
   295 | D:2      | Reached XP level 3. HP: 31/35 MP: 3/3
   420 | D:2      | Found a hide-covered altar of Uskayaw.
   427 | D:2      | Reached skill level 1 in Invocations
   578 | D:3      | HP: 3/35 [poisoned by an orc wizard]
   578 | D:3      | Slain by an orc wizard

Skill      XL: |  1  2  3 |
---------------+----------+-----
Invocations    | 1 |  1.0
Fighting       | |  6.5
Short Blades   | |  0.9
Long Blades    | |  0.9
Axes           | |  0.9
Maces & Flails | |  0.9
Polearms       | |  0.9
Staves         | |  0.9
Slings         | |  0.9
Bows           | |  0.9
Crossbows      | |  0.9
Throwing       | |  0.9
Armour         | |  0.9
Dodging        | |  6.5
Stealth        | |  4.2
Shields        | |  0.9
Unarmed Combat | |  6.5
Spellcasting   | |  0.9
Conjurations   | |  0.6
Hexes          | |  0.6
Charms         | |  0.6
Summonings     | |  0.6
Necromancy     | |  0.6
Translocations | |  0.6
Transmutations | |  0.6
Fire Magic     | |  0.6
Ice Magic      | |  0.6
Air Magic      | |  0.6
Earth Magic    | |  0.6
Poison Magic   | |  0.6
Evocations     | |  0.9

Action                   || total
-------------------------++-------
Melee: Unarmed           ||    92
       Bite              ||    12
       Punch             ||     3
Throw: Javelin           ||     2
  Use: Scroll            ||     3
       Potion            ||     2
 Stab: Sleeping          ||     6
Armor: Robe              ||     3
Dodge: Dodged            ||    47

Table legend:
 A = Turns spent in this place as a percentage of turns spent in the entire game.
 B = Non-inter-level travel turns spent in this place as a percentage of non-inter-level travel turns spent in the entire game.
 C = Inter-level travel turns spent in this place as a percentage of turns spent in this place.
 D = Turns resting spent in this place as a percentage of non-inter-level travel turns spent in this place.
 E = Turns spent auto-exploring this place as a percentage of non-inter-level travel turns spent in this place.
 F = Non-inter-level travel turns spent in this place divided by the number of levels of this place that you've seen.
                   A       B       C       D       E      F
               +-------+-------+-------+-------+-------+----------------------
         Total | 100.0 | 100.0 |   0.0 |   0.0 |   0.0 | 144.5
       Dungeon | 100.0 | 100.0 |   0.0 |   0.0 |   0.0 | 144.5
               +-------+-------+-------+-------+-------+----------------------

Table legend:
 A = Kills in this place as a percentage of kills in entire the game.
 B = Kills by you in this place as a percentage of kills by you in the entire game.
 C = Kills by friends in this place as a percentage of kills by friends in the entire game.
 D = Other kills in this place as a percentage of other kills in the entire game.
 E = Experience gained in this place as a percentage of experience gained in the entire game.
 F = Experience gained in this place divided by the number of levels of this place that you have seen.
                   A       B       C       D       E      F
               +-------+-------+-------+-------+-------+----------------------
         Total | 100.0 | 100.0 |   N/A |   N/A | 100.0 |  18.2
       Dungeon | 100.0 | 100.0 |   N/A |   N/A | 100.0 |  18.2
               +-------+-------+-------+-------+-------+----------------------

Vault maps used:
D:1:      dpeg_arrival_orchard
D:2:      eat_drink_and_be_merry_uskayaw, zin_purify, lemuel_doored_altar
D:3:      minmay_misc_feat_four_crosses, uniq_grinder
D:4:      corexii_shack_village, cheibrodos_ashenzari_chains,
          kennysheep_mini_moat, uniq_blork_the_orc, uniq_crazy_yiuf_cottage,
          uniq_duvessa
